 Dungeon Crawl Stone Soup version 0.22.0-49-gab54619674 (webtiles) character file.

1520 JedernureinKreuz the Ducker (level 8, -2/51 HPs)
             Began as a Tengu Monk on Sept 7, 2018.
             Slain by a hippogriff (6 damage)
             ... on level 7 of the Dungeon.
             The game lasted 00:23:02 (3676 turns).

JedernureinKreuz the Ducker (Tengu Monk)            Turns: 3676, Time: 00:23:03

Health: -2/51      AC:  3    Str: 12    XL:     8   Next: 84%
Magic:  9/9        EV: 16    Int: 11    God:
Gold:   365        SH:  0    Dex: 18    Spells: 7/7 levels left

rFire    . . .     SeeInvis .   a - +2 spear (venom)
rCold    . . .     Gourm    .   (no shield)
rNeg     . . .     Faith    .   l - +0 leather armour
rPois    .         Spirit   .   (helmet restricted)
rElec    .         Reflect  .   (no cloak)
rCorr    .         Harm     .   (no gloves)
MR       .....                  (boots unavailable)
Stlth    +++.......             f - amulet of regeneration
HPRegen  0.57/turn              (no ring)
MPRegen  0.11/turn              (no ring)

@: no status effects
A: beak, talons 3, able to fly 1
a: Fly


You were on level 7 of the Dungeon.
You were not hungry.

You visited 1 branch of the dungeon, and saw 7 of its levels.

You collected 365 gold pieces.

Inventory:

Hand Weapons
 a - a +2 spear of venom (weapon)
 b - a +0 shortbow
 d - a +1 hand axe of chopping
 h - a +0 short sword
 v - the +5 quarterstaff of Boacw {holy, -Tele +Fly rElec, unknown}
   (You found it on level 6 of the Dungeon)

   It has been blessed by the Shining One to cause great damage to the undead
   and demons.
   It insulates you from electricity.
   It lets you fly.
   It prevents most forms of teleportation.
 y - a +2 battleaxe of chopping
Missiles
 j - 40 arrows
Armour
 l - a +0 leather armour (worn)
 w - a +0 robe
Jewellery
 f - an amulet of regeneration (around neck)
Wands
 s - a wand of digging (7)
Scrolls
 e - 2 scrolls of identify
 i - 4 scrolls of remove curse {unknown}
 k - a scroll of blinking {unknown}
 m - a scroll of random uselessness {unknown}
 p - 2 scrolls of enchant armour {unknown}
 t - 3 scrolls of teleportation {unknown}
 x - a scroll of fear {unknown}
 A - a scroll of magic mapping {unknown}
Potions
 g - a potion of mutation
 n - 2 potions of curing {unknown}
 o - a potion of magic
 q - a potion of haste
 r - 2 potions of flight
 u - a potion of degeneration
Comestibles
 c - 13 rations
 z - 8 chunks of flesh


   Skills:
 + Level 6.1 Fighting
 - Level 3.3 Short Blades
 + Level 5.6 Polearms
 + Level 6.7 Dodging
 + Level 6.1 Stealth


You had 7 spell levels left.
You didn't know any spells.
Your spell library was empty.

Dungeon Overview and Level Annotations

Branches:
Dungeon (7/15)             Temple (0/1) D:6

Altars:
Gozag
Hepliaklqana
Okawaru
Qazlal
Vehumet

Shops:
D:6 (


Innate Abilities, Weirdness & Mutations

You have a beak for a mouth.
You have claws for feet.
You can fly.


Message History

The hippogriff barely misses you.
You hit the hippogriff but do no damage.
The hippogriff looks as sick as possible!
The hippogriff is heavily wounded.
The hippogriff bites you!
* * * LOW HITPOINT WARNING * * *
The hippogriff pecks you.
* * * LOW HITPOINT WARNING * * *
The hippogriff claws you.
* * * LOW HITPOINT WARNING * * *
A leopard gecko comes into view.
The slave hits you.
* * * LOW HITPOINT WARNING * * *
The slave hits you.
* * * LOW HITPOINT WARNING * * *
You completely miss the slave.
The leopard gecko hisses angrily.
Your kick misses the slave. The hippogriff barely misses you.
The hippogriff pecks you.
You die...

##.......###..........#
#.........##..........#
##.........##..........#
..........##..........#
#......(.###........##
#......$.##..........#
#.......###[.........#
#........##.........^#
#....p@..##..........#
#....H...............#
#...................##
#....l..............###
#.......#..............
##........#....#######<
###.....##..#.## ####
#.#.......#.#...#...
..##.# .## ........


You could see a hippogriff, a slave and a leopard gecko.

Vanquished Creatures
  Sigmund (D:6)
  Eustachio (D:6)
  An orc warrior (D:5)
  2 centaurs (D:5)
  Blork the orc (D:6)
  2 bullfrogs
  3 scorpions
  A howler monkey (D:4)
  3 crimson imps (D:6)
  2 jellies (D:6)
  An orc priest (D:7)
  A bullfrog zombie (D:5)
  A bullfrog skeleton (D:5)
  3 orc wizards
  An iguana (D:6)
  3 worker ants
  A killer bee zombie (D:6)
  A hound zombie (D:5)
  3 adders
  A shadow imp (D:6)
  An ooze (D:4)
  4 worms
  2 dart slugs (D:1)
  2 leopard geckos
  8 orcs
  3 giant cockroaches
  9 goblins
  10 hobgoblins
  4 jackals (D:2)
  7 quokkas
  4 bats
  3 frilled lizards
  6 kobolds
  A quokka skeleton (D:5)
  A quokka zombie (D:7)
  21 rats
119 creatures vanquished.

Notes
Turn   | Place    | Note
-------+----------+-------------------------------------------
     0 | D:1      | JedernureinKreuz the Tengu Monk began the quest for the
                  | Orb.
     0 | D:1      | Reached XP level 1. HP: 14/14 MP: 2/2
     3 | D:1      | Noticed an electric eel
     3 | D:1      | Noticed an electric eel
   171 | D:1      | Reached XP level 2. HP: 14/19 MP: 3/3
   567 | D:2      | Reached XP level 3. HP: 19/23 MP: 4/4
   571 | D:2      | Reached skill level 1 in Polearms
   722 | D:2      | Reached XP level 4. HP: 28/28 MP: 5/5
  1297 | D:3      | Found a stormy altar of Qazlal.
  1469 | D:4      | Gained mutation: You can fly. [Tengu growth]
  1469 | D:4      | Reached XP level 5. HP: 15/33 MP: 6/6
  2155 | D:5      | Entered Level 5 of the Dungeon
  2177 | D:5      | Reached XP level 6. HP: 34/38 MP: 7/7
  2290 | D:5      | Reached skill level 5 in Dodging
  2290 | D:5      | Reached XP level 7. HP: 37/44 MP: 8/8
  2331 | D:5      | Found an opulent altar of Gozag.
  2711 | D:5      | Found a hazy altar of Hepliaklqana.
  2804 | D:6      | Noticed Sigmund
  2813 | D:6      | Killed Sigmund
  2813 | D:6      | Reached skill level 5 in Fighting
  2813 | D:6      | Reached skill level 5 in Stealth
  2820 | D:6      | Reached XP level 8. HP: 29/49 MP: 9/9
  2987 | D:6      | Found a staircase to the Ecumenical Temple.
  3028 | D:6      | Found a radiant altar of Vehumet.
  3034 | D:6      | Got a jewelled quarterstaff
  3072 | D:6      | Found Waavu Bupp's Antique Weapon Shop.
  3104 | D:6      | Noticed Eustachio
  3122 | D:6      | Killed Eustachio
  3214 | D:6      | Noticed Blork the orc
  3222 | D:6      | Reached skill level 5 in Polearms
  3228 | D:6      | Killed Blork the orc
  3505 | D:6      | Found an iron altar of Okawaru.
  3656 | D:7      | Noticed a hippogriff
  3676 | D:7      | Slain by a hippogriff

Skill      XL: |  1  2  3  4  5  6  7  8 |
---------------+-------------------------+-----
Polearms       | 1 2 3 4 5 |  5.6
Dodging        | 4 5 6 |  6.7
Stealth        | 3 4 5 6 |  6.1
Fighting       | 4 5 6 |  6.1
Short Blades   | |  3.3

Action                   |  1- 3 |  4- 6 |  7- 9 || total
-------------------------+-------+-------+-------++-------
Melee: Spear             |    75 |   106 |   129 ||   310
       Short sword       |     3 |       |       ||     3
       Kick              |    14 |    27 |    53 ||    94
       Peck              |    12 |    15 |    31 ||    58
 Fire: Shortbow          |       |       |    34 ||    34
  Use: Scroll            |       |       |     6 ||     6
 Stab: Sleeping          |     7 |     3 |     5 ||    15
  Eat: Chunk             |       |     3 |     3 ||     6
       Ration            |       |     1 |       ||     1
Armor: Leather armour    |    16 |    11 |    15 ||    42
       Robe              |     1 |       |       ||     1
Dodge: Dodged            |    43 |    83 |    84 ||   210
